 Dungeon Crawl Stone Soup version 0.18-a0-750-g37044d6 (webtiles) character file.

116 tof the Digger (level 4, 0/37 HPs)
             Began as a Deep Dwarf Earth Elementalist on Dec 12, 2015.
             Was a Follower of Vehumet.
             Slain by Sigmund
             ... wielding a +0 scythe
              (4 damage)
             ... on level 3 of the Dungeon.
             The game lasted 00:26:50 (2959 turns).

tof the Digger (Deep Dwarf Earth Elementalist)      Turns: 2959, Time: 00:26:51

Health: 0/37       AC:  4    Str: 11    XL:     4   Next: 69%
Magic:  5/7        EV: 13    Int: 17    God:    Vehumet [*.....]
Gold:   121        SH:  0    Dex: 13    Spells: 3 memorised, 1 level left

rFire  . . .     SeeInvis .     p - +3 dagger (vamp)
rCold  . . .     Clarity  .     a - +0 robe
rNeg   . . .     SustAt   .     (no shield)
rPois  .         Gourm    .     (no helmet)
rElec  .         Spirit   .     (no cloak)
rCorr  .         Dismiss  .     (no gloves)
rMut   .         Stasis   .     (no boots)
MR     .....                    (no amulet)
Stlth  +.........               (no ring)
                                (no ring)

@: confused, stone skin, non-regenerating, not resistant to hostile
enchantments, very unstealthy
A: damage resistance, recharge devices, sense surroundings 1, slow regeneration
3
a: Device Recharging, Renounce Religion


You were on level 3 of the Dungeon.
You worshipped Vehumet.
Vehumet was aware of your devotion.
You were not hungry.

You visited 1 branch of the dungeon, and saw 3 of its levels.

You collected 121 gold pieces.

Inventory:

Hand Weapons
 g - a +0 short sword
 n - a +2 dagger of draining
 p - a +3 vampiric dagger (weapon)
Missiles
 b - 181 stones (quivered)
 f - 10 sling bullets of frost
 j - 11 sling bullets of flame
Armour
 a - a +0 robe (worn)
Wands
 d - a wand of heal wounds (4)
Scrolls
 l - a scroll of enchant weapon
 m - a scroll of teleportation
Potions
 h - 2 potions of haste {unknown}
 o - 2 potions of berserk rage {unknown}
 q - a potion of curing {unknown}
Books
 c - a book of Geomancy

   Spells                             Type                      Level
   a - Sandblast                      Earth                        1
   b - Stoneskin                      Transmutation/Earth          2
   c - Passwall                       Transmutation/Earth          3
   d - Stone Arrow                    Conjuration/Earth            3
   e - Petrify                        Transmutation/Earth          4
   f - Lee's Rapid Deconstruction     Earth                        5
Comestibles
 e - a bread ration
 i - 14 chunks of flesh
 k - a slice of pizza


   Skills:
 + Level 0.5 Fighting
 + Level 0.5 Short Blades
 + Level 1.0 Throwing
 + Level 3.1 Dodging
 + Level 2.6 Stealth
 + Level 2.4 Spellcasting
 + Level 0.3 Conjurations
 + Level 1.3 Transmutations
 + Level 4.9 Earth Magic
 + Level 0.3 Evocations


You had one spell level left.
You knew the following spells:

 Your Spells              Type           Power        Failure   Level  Hunger
a - Sandblast             Erth           ###...       2%          1    #......
b - Stoneskin             Trmt/Erth      ##......     10%         2    ##.....
c - Stone Arrow           Conj/Erth      ##....       21%         3    ###....


Dungeon Overview and Level Annotations

Branches:
Dungeon (3/15)

Altars:
Vehumet

Annotations:
D:3 Sigmund


Innate Abilities, Weirdness & Mutations

You are resistant to damage.
You can recharge devices by infusing magical energy.
You passively map a small area around you.
You do not regenerate naturally.


Message History

The puff of flame hits you!
* * * LOW HITPOINT WARNING * * *
You hear some strange, mumbled words.
Evoke which item? (* to show all) (? for menu, Esc to quit)
Zapping:
d - a wand of heal wounds (6)
Press: ? - help, Shift-Dir - straight line, f - you Nothing appears to happen.
This wand has 5 charges left.
Sigmund misses you.
Evoke which item? (* to show all) (? for menu, Esc to quit)
Zapping:
d - a wand of heal wounds (5)
Press: ? - help, Shift-Dir - straight line, f - you Nothing appears to happen.
This wand has 4 charges left.
Sigmund points at you and mumbles some strange words.
You are more confused.
You bump into the rock wall.
Sigmund mumbles some strange words.
Sigmund flickers and vanishes!
You miss something. Something hits you!
* * * LOW HITPOINT WARNING * * *
Something hits you.
You die...

* * , * * * ,
, , * * , *
.##S########
,.roro{{@...#
.##o######.#
, , *
#.######## *
* #........#
* , , **
*########.# *
, ,,
,.........###
*, * * *
########...#
, * * * *
#.#.###. * **
#.......


You could see an adder, 3 orcs and 2 rats.

Vanquished Creatures
  A worker ant (D:3)
  Robin (D:3)
  An adder (D:3)
  An ooze (D:3)
  4 worms
  2 ball pythons
  3 bats (D:2)
  9 hobgoblins
  4 jackals (D:2)
  2 giant newts (D:2)
  20 goblins
  3 kobolds
  6 rats
57 creatures vanquished.

Notes
Turn   | Place    | Note
--------------------------------------------------------------
     0 | D:1      | tof the Deep Dwarf Earth Elementalist began the quest for the Orb.
     0 | D:1      | Reached XP level 1. HP: 15/15 MP: 3/3
   522 | D:1      | Reached XP level 2. HP: 13/22 MP: 2/4
   527 | D:1      | Learned a level 2 spell: Stoneskin
  1120 | D:2      | Found a radiant altar of Vehumet.
  1160 | D:2      | Became a worshipper of Vehumet
  1298 | D:2      | Reached XP level 3. HP: 19/28 MP: 6/6
  1610 | D:2      | Learned a level 3 spell: Stone Arrow
  1668 | D:2      | Reached skill level 1 in Transmutations
  2693 | D:3      | Reached skill level 1 in Throwing
  2693 | D:3      | Reached XP level 4. HP: 14/37 MP: 7/7
  2845 | D:3      | Noticed Robin
  2871 | D:3      | Killed Robin
  2872 | D:3      | Reached * piety under Vehumet
  2872 | D:3      | Offered knowledge of Sting by Vehumet.
  2942 | D:3      | Noticed Sigmund
  2959 | D:3      | Slain by Sigmund

Vault maps used:
D:1:      minmay_arrival_radiant_lines
D:2:      vehumet_crystals
D:3:      elyvilon_altar_4, uniq_sigmund, uniq_robin

Action                   |  1- 3 |  4- 6 || total
-------------------------+-------+-------++-------
Melee: Unarmed           |    10 |       ||    10
       Short sword       |    94 |       ||    94
       Dagger            |    35 |    55 ||    90
Throw: Stone             |   106 |     1 ||   107
 Cast: Sandblast         |    22 |       ||    22
       Stoneskin         |    17 |     4 ||    21
       Stone Arrow       |     3 |       ||     3
Evoke: Wand              |     4 |     2 ||     6
  Use: Scroll            |     6 |     1 ||     7
 Stab: Sleeping          |     1 |       ||     1
  Eat: Chunk             |     4 |       ||     4
       Beef jerky        |     2 |       ||     2
       Meat ration       |     1 |       ||     1
       Bread ration      |     1 |       ||     1
